Map: Apotheosis LE

Players

MrLando - Winner!

  • Race: Terran Terran
  • League: Master

A.I. 1 (Very Easy)

  • Race: Protoss Protoss

VOD

Have the link to the VOD?

Description

Time

  • Played on: Nov. 3, 2016, 6:21 a.m.
  • Length: 7:58
Show
View Real Time Build Order
Export as new Build Order

MrLando Terran - Winner!

Build Orders: Reaper Expand, MMM Bio 

Get SALT Encoding   

  12  0:01  SCV  
  13  0:13  SCV  
  14  0:21  Supply Depot  
  14  0:25  SCV  
  15  0:30  Refinery  
  15  0:43  SCV  
  15  0:47  Barracks  
  16  0:55  SCV  
  17  1:07  SCV  
  18  1:21  SCV  
  19  1:34  Orbital Command  
  19  1:35  Reaper  
  20  1:45  Command Center, Unknown  
  20  2:00  SCV  
  21  2:02  Factory  
  21  2:10  Supply Depot  
  21  2:13  Barracks Tech Lab, SCV  
  22  2:19  Refinery  
  22  2:25  SCV  
  23  2:37  SCV  
  23  2:39  Barracks Reactor  
  24  2:50  SCV  
  25  2:57  Engineering Bay, Unknown  
  25  3:01  Cyclone  
  25  3:04  Orbital Command  
  25  3:05  SCV  
  30  3:16  Barracks  
  30  3:17  SCV  
  31  3:24  Terran Infantry Weapons Level 1  
  31  3:27  Missile Turret  
  31  3:29  SCV  
  31  3:33  SCV  
  33  3:41  Barracks  
  33  3:43  Factory Reactor  
  33  3:44  Marine  
  33  3:45  Stimpack  
  34  3:50  SCV x2  
  34  3:53  Supply Depot  
  37  4:02  SCV  
  37  4:03  SCV  
  37  4:05  Marine x3  
  41  4:14  SCV  
  41  4:15  Supply Depot  
  42  4:23  Marine  
  42  4:24  Starport, Marine x2  
  44  4:27  Factory Reactor  
  44  4:29  SCV x2  
  47  4:41  SCV x2  
  47  4:43  Marine x3  
  47  4:44  Marine x2  
  54  4:51  Supply Depot  
  54  4:56  SCV x2  
  56  5:01  Marine  
  56  5:02  Marine x2  
  59  5:08  SCV x2  
  59  5:12  Medivac x2  
  65  5:15  Command Center, Unknown  
  65  5:18  Marine x2  
  65  5:19  Refinery  
  65  5:20  Terran Infantry Armor Level 1  
  67  5:21  SCV  
  67  5:25  Supply Depot  
  67  5:26  SCV  
  69  5:29  Marine  
  70  5:45  Combat Shields  
  70  5:46  Supply Depot  
  70  5:47  Supply Depot, Marine x4, SCV x2  
  76  5:52  Medivac  
  78  5:57  Refinery  
  78  5:59  Supply Depot  
  78  6:07  Marine, SCV, Medivac  
  78  6:08  Marine x3, SCV  
  78  6:09  Marauder  
  88  6:14  Supply Depot  
  86  6:19  Supply Depot  
  86  6:25  Barracks  
  86  6:26  Unknown  
  86  6:27  Barracks  
  86  6:28  Armory  
  86  6:30  Engineering Bay  
  86  6:33  Orbital Command, Liberator  
  86  6:35  SCV  
  86  6:38  SCV  
  86  6:39  Marine, Liberator  
  88  6:42  Marine x2  
  88  6:46  Marine x2  
  96  6:59  Marine  
  100  7:02  SCV x3  
  100  7:07  Marine x4  
  107  7:14  SCV x3  
  110  7:21  Refinery  
  110  7:23  Refinery  
  110  7:27  Marine x3  
  110  7:28  Barracks Tech Lab  
  113  7:32  Barracks Tech Lab x2  
  113  7:33  Marine x2  
  113  7:35  SCV x2  
  117  7:39  SCV  
  128  7:55  Supply Depot  
  128  7:56  Missile Turret  
Show
View Real Time Build Order
Export as new Build Order

A.I. 1 (Very Easy) Protoss 

Build Orders:  

Get SALT Encoding   

  12  0:01  Probe (Chrono Boost)  
  13  0:11  Probe (Chrono Boost)  
  14  0:20  Pylon  
  14  0:36  Assimilator  
  14  0:42  Gateway  
  14  0:47  Pylon  
  14  1:13  Assimilator  
  14  1:21  Probe (Chrono Boost)  
  15  1:31  Probe (Chrono Boost)  
  16  1:32  Cybernetics Core  
  16  1:42  Probe (Chrono Boost)  
  17  1:52  Probe (Chrono Boost)  
  18  1:58  Warp Gate  
  18  2:03  Probe (Chrono Boost)  
  19  2:09  Stalker  
  19  2:14  Probe (Chrono Boost)  
  22  3:50  Probe (Chrono Boost)  
  22  5:30  Zealot  
  22  5:32  Probe (Chrono Boost)  
  22  5:34  Pylon  
  24  5:36  Robotics Facility  
  24  5:42  Probe (Chrono Boost)  
  25  5:53  Probe (Chrono Boost)  
  26  6:03  Probe (Chrono Boost)  
  27  6:05  Nexus, Unknown  
  27  6:14  Probe (Chrono Boost)  
  28  6:19  Pylon  
  28  6:22  Zealot  
  28  6:25  Probe (Chrono Boost), Observer  
  30  6:45  Observer  
  31  6:57  Probe (Chrono Boost)  
  31  7:01  Zealot  
  31  7:04  Pylon  
  33  7:15  Probe (Chrono Boost)  
  28  7:23  Pylon  
  28  7:26  Probe (Chrono Boost)  
  23  7:36  Probe (Chrono Boost)  
  16  7:46  Pylon  
Tags
 
Composition
MMM Bio
League
Master
Matchup
PvT
Add a new tag
Caveats
  • Supply blocks, unpowered buildings, or Contaminate may cause inaccurate times.
  • Supply counts are checked every 10 seconds.